 Dungeon Crawl Stone Soup version 0.28.0-49-g6dfe1f597d (webtiles) character file.

Game seed: 1998336406652628464

199 Exodus22XD the Covert (level 6, 32/32 HPs)
             Began as a Kobold Enchanter on May 15, 2022.
             Was a Follower of Kikubaaqudgha.
             Quit the game on level 3 of the Dungeon.
             The game lasted 00:02:44 (2920 turns).

Exodus22XD the Covert (Kobold Enchanter)            Turns: 2920, Time: 00:02:45

Health: 32/32      AC:  4    Str:  6    XL:     6   Next: 6%
Magic:  9/9        EV: 15    Int: 16    God:    Kikubaaqudgha [*.....]
Gold:   77         SH:  0    Dex: 17    Spells: 7/9 levels left

rFire   . . .      SeeInvis .   a - +1 dagger
rCold   . . .      Faith    .   (no shield)
rNeg    . . .      Spirit   .   l - +2 robe {Will+}
rPois   .          Reflect  .   (no helmet)
rElec   .          Harm     .   (no cloak)
rCorr   .          Rampage  .   (no gloves)
Will    +....                   (no boots)
Stlth   +++++.....              (no amulet)
HPRegen 0.10/turn               (no ring)
MPRegen 0.11/turn               (no ring)

@: no status effects
A: small, no large weapons, nightstalker 3
a: Renounce Religion, Receive Corpses


You were on level 3 of the Dungeon.
You worshipped Kikubaaqudgha.
Kikubaaqudgha was aware of your devotion.
You visited 1 branch of the dungeon, and saw 3 of its levels.

You collected 77 gold pieces.

Inventory:

Hand Weapons
 a - a +1 dagger (weapon)
Armour
 l - a +2 robe of willpower (worn)
Scrolls
 b - a scroll of fog {unknown}
 e - a scroll of summoning {unknown}
 g - a scroll of acquirement {unknown}
 h - 2 scrolls of identify {unknown}
 i - a scroll of immolation {unknown}
 j - a scroll of enchant armour {unknown}
 k - a scroll of fear {unknown}
Potions
 c - a potion of invisibility
 f - a potion of mutation {unknown}
 m - a potion of brilliance {unknown}


   Skills:
 - Level 1.3 Short Blades
 - Level 2.4 Dodging
 + Level 8.9 Stealth
 - Level 2.1 Spellcasting
 - Level 3.0 Hexes


You had 7 spell levels left.
You knew the following spells:

 Your Spells              Type           Power      Damage    Failure   Level
a - Ensorcelled Hibernat  Hex/Ice        12%        N/A       17%         2

Your spell library contained the following spells:

 Spells                   Type           Power      Damage    Failure   Level
 Confusing Touch          Hex            11%        N/A       19%         3
 Tukima's Dance           Hex            11%        N/A       19%         3
 Animate Skeleton         Necr           2%         N/A       21%         1
 Blink                    Tloc           2%         N/A       30%         2
 Corpse Rot               Necr/Air       2%         N/A       30%         2
 Sublimation of Blood     Necr           1%         N/A       30%         2
 Dazzling Flash           Conj/Hex       12%        N/A       32%         3
 Conjure Flame            Conj/Fire      1%         6-21      52%         3
 Ignite Poison            Fire/Tmut/Pois 1%         N/A       52%         3
 Lesser Beckoning         Tloc           1%         N/A       52%         3
 Vampiric Draining        Necr           1%         2d6       52%         3
 Olgreb's Toxic Radiance  Pois           1%         N/A       90%         4
 Sticky Flame             Conj/Fire      1%         2d3       90%         4
 Manifold Assault         Tloc           1%         N/A       99%         5
 Ozocubu's Refrigeration  Ice            0%         4d5       100%        7
 Ignition                 Fire           0%         3d3       100%        8


Dungeon Overview and Level Annotations

Branches:
Dungeon (3/15)

Altars:
Kikubaaqudgha


Innate Abilities, Weirdness & Mutations

You are small and have problems with some larger weapons.
You are completely attuned to the shadows.


Message History

You hit the endoplasm.
You kill the endoplasm!
You see here an adder corpse.
Your magical contamination has completely faded away.
Magic restored.
HP restored.
Found a stone staircase leading down.
No target in view!
There is a stone staircase leading down here.
A dart slug comes into view.
The helpless dart slug fails to defend itself.
You spit the dart slug like a pig!!!
You kill the dart slug!
Found a stone staircase leading down.
No target in view!
No target in view!
No target in view!
Found a leather armour.
No target in view!
No target in view!
Found 9 stones.
No target in view!
No target in view!
You enter the shallow water.
Moving in this stuff is going to be slow.
You enter the shallow water.
Moving in this stuff is going to be slow.
Found a faded altar of an unknown god.
No target in view!
No target in view!
You enter the shallow water.
Moving in this stuff is going to be slow.
There is a faded altar of an unknown god here.
You cannot tell which god this altar belongs to.
Convert to them anyway?
Kikubaaqudgha accepts your prayer! Kikubaaqudgha welcomes you!
You can now receive cadavers from Kikubaaqudgha.
Kikubaaqudgha grants you a gift!
You add the spells Animate Skeleton, Corpse Rot, Sublimation of Blood and Vampiric Draining to your library.
Are you sure you want to abandon this character and quit the game? (Confirm with "yes".)

#.# ##.≈.P##
.##....... #.# #.≈P##
#......[ #.# #.≈.#
#....... #.# ##≈.##
.###....... #.# #P≈P#
.........>. #.# ##.≈##
.##..####. #.# #PP≈#
###.## #.#
#PP≈#####...### #†#
##P..@8#........ #.#
########.######
##.###### #.#
#.......#########.#
#...###>........#.###
###..##########.......
#..### ###.##..
##†..## #.# . #......
...


There were no monsters in sight!

Vanquished Creatures
  A necrophage (D:3)
  A hound (D:3)
  3 adders
  A dart slug (D:3)
  7 endoplasms
  5 giant cockroaches
  4 goblins
  3 hobgoblins
  2 jackals (D:2)
  3 quokkas
  5 ball pythons
  6 bats
  3 frilled lizards
  3 kobolds
  3 rats
50 creatures vanquished.

Notes
Turn   | Place    | Note
-------+----------+-------------------------------------------
     0 | D:1      | Exodus22XD the Kobold Enchanter began the quest for the
                  | Orb.
     0 | D:1      | Reached XP level 1. HP: 10/10 MP: 3/3
   253 | D:1      | Reached XP level 2. HP: 15/15 MP: 5/5
   256 | D:1      | Learned a level 2 spell: Ensorcelled Hibernation
   305 | D:1      | Reached skill level 5 in Stealth
   797 | D:1      | Reached XP level 3. HP: 16/19 MP: 6/6
  1314 | D:2      | Reached skill level 6 in Stealth
  2014 | D:2      | Reached XP level 4. HP: 3/24 MP: 2/7
  2257 | D:3      | Reached skill level 7 in Stealth
  2659 | D:3      | Noticed a necrophage
  2663 | D:3      | Killed a necrophage
  2664 | D:3      | Reached skill level 8 in Stealth
  2664 | D:3      | Reached XP level 5. HP: 28/28 MP: 8/8
  2690 | D:3      | Reached XP level 6. HP: 17/32 MP: 2/9
  2913 | D:3      | Found a faded altar of an unknown god.
  2919 | D:3      | Prayed at the altar of an unknown god.
  2919 | D:3      | Became a worshipper of Kikubaaqudgha
  2919 | D:3      | Reached * piety under Kikubaaqudgha
  2919 | D:3      | Received a gift from Kikubaaqudgha
  2920 | D:3      | Quit the game

Illustrated notes

Levels and vault maps discovered:
D:1:      lemuel_arrival_room, layout_rooms, minmay_crystal_water,
          roderic_serpentine_path, lemuel_another_geyser
D:2:      layout_loops_cross
D:3:      layout_rooms, shapermc_ecumenical_altar_hornbeckon, grunt_ministairs_6

Skill      XL: |  1  2  3  4 |
---------------+-------------+-----
Stealth        | 5 6 8 |  8.9
Short Blades   | |  1.3
Dodging        | |  2.4
Spellcasting   | |  2.1
Hexes          | |  3.0

Action                   |  1- 3 |  4- 6 || total
-------------------------+-------+-------++-------
Melee: Dagger            |   112 |    40 ||   152
       Punch             |     2 |       ||     2
 Cast: Ensorcelled Hiber |     4 |     8 ||    12
  Use: Potion            |       |     1 ||     1
 Stab: Sleeping          |    23 |     5 ||    28
Armor: Robe              |    17 |    17 ||    34
Dodge: Dodged            |    79 |    48 ||   127
